 Dungeon Crawl Stone Soup version 0.31-a0-239-g0a1456f148 (webtiles) character file.

Game seed: 4398238531861503961

135 qw the Shooter (level 4, 0/38 HPs)
             Began as a Minotaur Hexslinger on July 11, 2023.
             Slain by a gnoll
             ... wielding a +0 spear
              (1 damage)
             ... on level 4 of the Dungeon.
             The game lasted 00:00:57 (2827 turns).

qw the Shooter (Minotaur Hexslinger)                Turns: 2827, Time: 00:00:57

Health: 0/38       AC:  6    Str: 13    XL:     4   Next: 96%
Magic:  4/4        EV: 12    Int: 10    God:
Gold:   139        SH:  0    Dex: 14    Spells: 4/5 levels left

rFire   . . .        Y - +1 sling
rCold   . . .        (no shield)
rNeg    + . .        n - +0 leather armour
rPois   .            (helmet restricted)
rElec   .            (no cloak)
rCorr   .            (no gloves)
SInv    .            p - +2 pair of boots
Will    .....        j - amulet of faith
Stlth   +            k - ring of positive energy
HPRegen 0.26/turn    (no ring)
MPRegen 0.09/turn

%: faith
@: about to teleport
A: horns 2, retaliatory headbutt
a: no special abilities


You were on level 4 of the Dungeon.
You visited 1 branch of the dungeon, and saw 4 of its levels.

You collected 139 gold pieces.


Innate Abilities, Weirdness & Mutations

You have a pair of horns on your head.
You reflexively headbutt those who attack you in melee.


   Skills:
 - Level 3.0 Fighting
 + Level 5.1 Ranged Weapons
 - Level 2.1 Dodging
 - Level 1.0 Spellcasting
 - Level 2.0 Hexes


You had 4 spell levels left.
You knew the following spells:

 Your Spells              Type           Power      Damage    Failure   Level
a - Slow                  Hex            16%        N/A       19%         1

Your spell library contained the following spells:

 Spells                   Type           Power      Damage    Failure   Level
 Inner Flame              Hex/Fire       2%         N/A       65%         3
 Portal Projectile        Hex/Tloc       4%         N/A       65%         3
 Cause Fear               Hex            2%         N/A       88%         4

Inventory:

Hand Weapons
 Y - a +1 sling (weapon)
Armour
 n - a +0 leather armour (worn)
 p - a +2 pair of boots (worn)
Jewellery
 j - an amulet of faith (around neck)
 k - a ring of positive energy (left hand)
Scrolls
 a - 2 scrolls of teleportation
 h - a scroll of identify
Potions
 d - 2 potions of magic {unknown}
 f - a potion of heal wounds
 g - a potion of curing {unknown}
 i - a potion of resistance {unknown}
 l - a potion of might {unknown}
 m - a potion of invisibility {unknown}
 o - a potion of haste {unknown}
 q - a potion of cancellation {unknown}

Dungeon Overview and Level Annotations

Branches:
Dungeon (4/15)
 Temple: D:4-7

Altars:

Shops:
D:2 =


Message History

The gnoll is heavily wounded.
The gnoll closely misses you. The gnoll misses you.
The gnoll barely misses you.
The gnoll hits you from afar with a +0 spear.
The gnoll barely misses you.
You shoot a sling bullet.
The sling bullet barely misses the gnoll.
The gnoll barely misses you. The gnoll closely misses you. x2
The gnoll hits you from afar with a +0 spear.
You shoot a sling bullet. The sling bullet hits the gnoll.
You kill the gnoll!
The gnoll misses you. x2
The gnoll hits you from afar with a +0 spear.
You shoot a sling bullet.
The sling bullet barely misses the gnoll.
The sling bullet hits the gnoll.
The gnoll is lightly wounded.
The gnoll hits you but does no damage. The gnoll hits you with a +0 whip.
The gnoll hits you from afar with a +0 spear.
You shoot a sling bullet. The sling bullet hits the gnoll.
The gnoll is heavily wounded.
The gnoll hits you from afar with a +0 spear!
The gnoll misses you.
The gnoll hits you from afar with a +0 spear.
You shoot a sling bullet.
The sling bullet hits the gnoll but does no damage.
The gnoll is heavily wounded.
The gnoll hits you with a +0 whip. The gnoll barely misses you. x2
You shoot a sling bullet. The sling bullet hits the gnoll.
The gnoll is severely wounded.
The gnoll hits you with a +0 whip. The gnoll closely misses you.
The gnoll hits you from afar with a +0 spear.
The gnoll barely misses you. The gnoll hits you but does no damage.
The gnoll hits you from afar with a +0 spear.
2827 ||| READING 3 scrolls of teleportation.
As you read the scroll of teleportation, it crumbles to dust.
You feel strangely unstable.
The gnoll hits you from afar with a +0 spear.
The gnoll barely misses you.
The gnoll hits you from afar with a +0 spear.
You die...

... #......#
####### #......
#.....# #.....>
#.....#...
#....####.g.......
#.......@gg....<>.
#.....)####.####.
#..........g...
#.<....###....#
####.....%....#
#######....# ...


You could see 3 gnolls.

Vanquished Creatures
  Jessica (D:2)
  2 adders
  A gnoll (D:4)
  2 worms
  2 dart slugs
  2 orcs (D:3)
  2 bats
  8 endoplasms
  2 giant cockroaches (D:2)
  3 hobgoblins
  10 jackals
  4 kobolds
  A quokka (D:1)
  7 ball pythons
  4 frilled lizards
  10 goblins
  9 rats
70 creatures vanquished.

Notes
Turn   | Place    | Note
-------+----------+-------------------------------------------
     0 | D:1      | qw the Minotaur Hexslinger began the quest for the Orb.
     0 | D:1      | Reached XP level 1. HP: 16/16 MP: 1/1
     0 | D:1      | 0 ||| qw: Version: 0.3-a-52-g30416fa
     0 | D:1      | 0 ||| qw: Game counter: 5935
     0 | D:1      | 0 ||| qw: Melee chars always use a shield: true
     0 | D:1      | 0 ||| qw: God list: Okawaru
     0 | D:1      | 0 ||| qw: Allow faded altars: false
     0 | D:1      | 0 ||| qw: Do Orc after clearing Dungeon:15 true
     0 | D:1      | 0 ||| qw: Do second Lair branch before Depths: true
     0 | D:1      | 0 ||| qw: Lair rune preference: random
     0 | D:1      | 0 ||| qw: Goals: Normal
     0 | D:1      | 0 ||| PLANNING D:1-11
   104 | D:1      | Reached skill level 3 in Ranged Weapons
   104 | D:1      | Reached XP level 2. HP: 23/23 MP: 2/2
   482 | D:1      | HP: 6/24 [poisoned by a goblin]
   771 | D:1      | 771 ||| UPGRADING to amulet of faith.
   776 | D:1      | 776 ||| UPGRADING to ring of positive energy.
   777 | D:1      | 777 ||| READING scroll labelled FUANECLYIGU.
   778 | D:1      | 778 ||| READING scroll labelled OPNACI FENO.
   781 | D:1      | 781 ||| READING scroll labelled GUIVUY POZU.
   782 | D:1      | 782 ||| READING scroll labelled WOURUS YBIWI.
   783 | D:1      | 783 ||| READING scroll labelled IRHATO ANYIL.
   884 | D:1      | 884 ||| READING scroll labelled XIUMAHUM OGOZA.
   918 | D:1      | 918 ||| DROPPING scroll of poison.
  1136 | D:2      | Reached XP level 3. HP: 29/29 MP: 3/3
  1327 | D:2      | Noticed Jessica
  1328 | D:2      | Killed Jessica
  1329 | D:2      | Reached skill level 4 in Ranged Weapons
  1379 | D:2      | Reached XP level 4. HP: 36/36 MP: 4/4
  1426 | D:2      | Found a faded altar of an unknown god.
  1505 | D:2      | Found Nizoh's Jewellery Shop.
  1513 | D:2      | 1513 ||| SHOPLISTING amulet of regeneration (300 gold, have
                  | 84).
  1513 | D:2      | 1513 ||| SHOPLISTING ring of positive energy (200 gold,
                  | have 84).
  1513 | D:2      | 1513 ||| SHOPLISTING ring of see invisible (150 gold, have
                  | 84).
  1837 | D:2      | 1837 ||| READING scroll labelled SOV UCEGECRO.
  1838 | D:2      | 1838 ||| DRINKING 2 smoky emerald potions.
  2058 | D:3      | 2058 ||| Stepping ~*~*~tactically~*~*~ (outnumbered).
  2134 | D:3      | Reached skill level 5 in Ranged Weapons
  2741 | D:3      | 2741 ||| UPGRADING to +0 leather armour.
  2751 | D:3      | 2751 ||| DROPPING +0 robe.
  2752 | D:3      | 2752 ||| UPGRADING to +2 pair of boots.
  2757 | D:3      | 2757 ||| DRINKING 2 fuming cyan potions.
  2767 | D:3      | 2767 ||| READING 2 scrolls of identify.
  2767 | D:3      | 2767 ||| IDENTIFYING fuming brown potion
  2768 | D:3      | 2768 ||| DROPPING potion of lignification.
  2769 | D:3      | 2769 ||| DROPPING potion of ambrosia.
  2804 | D:4      | Reached skill level 3 in Fighting
  2816 | D:4      | 2816 ||| Stepping ~*~*~tactically~*~*~ (outnumbered).
  2817 | D:4      | 2817 ||| FLEEEEING.
  2826 | D:4      | HP: 9/38 [gnoll/+0 spear (2)]
  2827 | D:4      | 2827 ||| READING 3 scrolls of teleportation.
  2827 | D:4      | HP: 1/38 [gnoll/+0 spear (6)]
  2827 | D:4      | Slain by a gnoll

Levels and vault maps discovered:
D:1:      lightli_arrival_quake, layout_loops_ring
D:2:      layout_loops_corners, shapermc_ecumenical_altar_mp_highgroup,
          serial_shops, shop, chequers_serial_rivers_micro_b, uniq_jessica
D:3:      layout_basic, serial_bayou_pond_a, kennysheep_flooded_box,
          kennysheep_crisscross
D:4:      layout_basic, minmay_hedge_maze

Skill      XL: |  1  2  3  4 |
---------------+-------------+-----
Ranged Weapons | 3 4 5 |  5.1
Fighting       | 2 3 |  3.0
Dodging        | |  2.1
Spellcasting   | |  1.0
Hexes          | |  2.0

Action                     |  1- 3 |  4- 6 || total
---------------------------+-------+-------++-------
   Fire: Sling             |    88 |   107 ||   195
    Use: Scroll            |     6 |     3 ||     9
         Potion            |       |     2 ||     2
 Armour: Robe              |     2 |     5 ||     7
         Leather armour    |       |     2 ||     2
  Dodge: Dodged            |     9 |    46 ||    55

Table legend:
 A = Non-vault XP
 B = Vault XP
 C = Vault XP percentage of total XP
 D = Non-vault monster count
 E = Vault monster count
 F = Vault count percentage of total count
                 A         B        C        D         E       F
            +---------+---------+-------+---------+---------+-------
      Total |     156 |      37 |  19.2 |      69 |       1 |   1.4
            +---------+---------+-------+---------+---------+-------
        D:1 |      32 |       0 |   0.0 |      20 |       0 |   0.0
        D:2 |      47 |      37 |  44.0 |      23 |       1 |   4.2
        D:3 |      54 |       0 |   0.0 |      22 |       0 |   0.0
        D:4 |      23 |       0 |   0.0 |       4 |       0 |   0.0
            +---------+---------+-------+---------+---------+-------
